 Dungeon Crawl Stone Soup version 0.30.1-11-g7821555f0a (webtiles) character file.

Game seed: 3790521476438780073

175 KittyFluff the Cudgeller (level 5, 0/33 HPs)
             Began as a Gargoyle Berserker on Nov 10, 2023.
             Was a Believer of Trog.
             Slain by n0ni's ghost (15 damage)
             ... on level 3 of the Dungeon.
             The game lasted 00:11:02 (2650 turns).

KittyFluff the Cudgeller (Gargoyle Berserker)       Turns: 2650, Time: 00:11:03

Health: 0/33       AC: 13    Str: 22    XL:     5   Next: 55%
Magic:  5/5        EV: 12    Int:  8    God:    Trog [**....]
Gold:   129        SH:  0    Dex:  9    Spells: 4/4 levels left

rFire   . . .        a - +0 mace
rCold   . . .        (no shield)
rNeg    + . .        b - +0 animal skin
rPois   ∞            j - +0 helmet
rElec   +            d - +0 cloak
rCorr   .            s - +0 pair of gloves
SInv    .            (no boots)
Will    .....        (no amulet)
Stlth   ++           o - +4 ring of protection
HPRegen 0.25/turn    (no ring)
MPRegen 0.09/turn

%: no passive effects
@: no status effects
A: sickness immunity, AC +4, negative energy resistance 1, electricity
resistance, torment resistance 1, petrification resistance
a: Renounce Religion, Berserk, Trog's Hand


You were on level 3 of the Dungeon.
You worshipped Trog.
Trog was pleased with you.
You visited 1 branch of the dungeon, and saw 3 of its levels.

You collected 129 gold pieces.

Inventory:

Hand Weapons
 a - a +0 mace (weapon)
Missiles
 c - 4 poisoned darts (quivered)
 r - a throwing net
Armour
 b - a +0 animal skin (worn)
 d - a +0 cloak (worn)
 j - a +0 helmet (worn)
 q - an orb of mayhem
 s - a +0 pair of gloves (worn)
Jewellery
 o - a +4 ring of protection (left hand)
Wands
 t - a wand of charming (8)
Scrolls
 e - 2 scrolls of blinking {unknown}
 g - a scroll of silence {unknown}
 h - a scroll of amnesia {unknown}
 i - 2 scrolls of identify {unknown}
 k - a scroll of torment {unknown}
 m - a scroll of teleportation {unknown}
Potions
 f - 2 potions of curing {unknown}
 l - a potion of brilliance {unknown}
 n - a potion of mutation {unknown}
 p - a potion of lignification {unknown}


   Skills:
 + Level 3.8 Fighting
 * Level 4.1 Maces & Flails
 * Level 3.8 Armour
 + Level 2.2 Dodging
 + Level 1.8 Stealth


You had 4 spell levels left.
You didn't know any spells.
Your spell library was empty.

Dungeon Overview and Level Annotations

Branches:
Dungeon (3/15)

Altars:
Trog
Yredelemnul

Shops:
D:1 !??*:

Annotations:
D:3 n0ni's ghost, weakling MiBe


Innate Abilities, Weirdness & Mutations

You are immune to sickness and miasma.
Your stone body is resilient. (AC +4)
You are immune to poison.
You resist negative energy. (rN+)
You are resistant to electric shocks. (rElec)
You are resistant to unholy torment.
You are immune to petrification.


Message History

The giant cockroach zombie is lightly damaged.
The giant cockroach zombie closely misses you.
You barely miss the giant cockroach zombie.
The giant cockroach zombie is lightly damaged.
The giant cockroach zombie closely misses you.
You thump the giant cockroach zombie!
You destroy the giant cockroach zombie!
Trog accepts your kill.
You open the gate. You closely miss n0ni's ghost.
N0ni's ghost closely misses you.
You closely miss n0ni's ghost. N0ni's ghost completely misses you.
You barely miss n0ni's ghost.
N0ni's ghost hits you but does no damage.
N0ni's ghost hits you.
You hit n0ni's ghost.
N0ni's ghost is lightly damaged.
N0ni's ghost hits you but does no damage.
You barely miss n0ni's ghost.
N0ni's ghost is lightly damaged.
N0ni's ghost hits you.
You closely miss n0ni's ghost.
N0ni's ghost is lightly damaged.
N0ni's ghost barely misses you.
You hit n0ni's ghost.
You punch n0ni's ghost, but do no damage.
N0ni's ghost is moderately damaged.
N0ni's ghost hits you but does no damage.
You closely miss n0ni's ghost.
N0ni's ghost is moderately damaged.
N0ni's ghost hits you but does no damage. x2
You barely miss n0ni's ghost.
N0ni's ghost is moderately damaged.
N0ni's ghost hits you!
You hit n0ni's ghost but do no damage.
N0ni's ghost is moderately damaged.
N0ni's ghost hits you.
You closely miss n0ni's ghost.
N0ni's ghost is moderately damaged.
N0ni's ghost hits you!
You die...

##.#.#.#####.#
#####.###..#####.#
####....## ##....##.#
#....###.###..##.....
#'#### ###...#####.#
#.#### #.##.......#
#....### #....#######
####.#.###....#
#$.W@...##....# #####
#?.'.._.##....# #....
#?.'....###.### #....
####.#.###...# #....
#....### ##..# #....
#.#### ##..# #.... #+
#...######.#
#.##.......<.
.##.##..##.##.#


You could see n0ni's ghost.

Vanquished Creatures
  Natasha (thrice) (D:2)
  A hound zombie (D:3)
  Robin (D:2)
  An adder (D:2)
  A worm (D:2)
  A dart slug (D:1)
  3 ball pythons
  2 bats
  5 endoplasms
  6 giant cockroaches
  11 goblins
  4 hobgoblins
  4 jackals (D:1)
  2 quokkas (D:1)
  4 frilled lizards
  A giant cockroach zombie (D:3)
  2 kobolds (D:1)
  8 rats
60 creatures vanquished.

Notes
Turn   | Place    | Note
-------+----------+-------------------------------------------
     0 | D:1      | KittyFluff the Gargoyle Berserker began the quest for the
                  | Orb.
     0 | D:1      | Reached XP level 1. HP: 14/14 MP: 1/1
    23 | D:1      | Found Imiwk's Magic Scroll Boutique.
    30 | D:1      | Found Hataogh's Magic Scroll Shoppe.
   249 | D:1      | Reached XP level 2. HP: 6/19 MP: 2/2
   342 | D:1      | Found Laenaax's General Store.
   437 | D:1      | Noticed a walking divine tome
   466 | D:1      | Found Dolaef's Book Shop.
   470 | D:1      | Noticed a walking divine tome
   669 | D:1      | Reached XP level 3. HP: 19/23 MP: 3/3
   742 | D:1      | Found Jesmef's Distillery.
   938 | D:2      | Noticed Robin
   950 | D:2      | Reached ** piety under Trog
   951 | D:2      | Reached skill level 1 in Stealth
   957 | D:2      | Killed Robin
  1045 | D:2      | Noticed Natasha
  1059 | D:2      | Killed Natasha
  1060 | D:2      | Reached XP level 4. HP: 14/28 MP: 4/4
  1193 | D:2      | Noticed Natasha
  1203 | D:2      | Killed Natasha
  1284 | D:2      | Noticed Natasha
  1299 | D:2      | Killed Natasha
  1300 | D:2      | Reached XP level 5. HP: 30/33 MP: 5/5
  1793 | D:2      | Reached skill level 4 in Maces & Flails
  2020 | D:2      | Found a bloodstained altar of Trog.
  2610 | D:3      | Found a runed translucent gate.
  2610 | D:3      | Found a runed translucent gate.
  2610 | D:3      | Found a runed translucent gate.
  2610 | D:3      | Noticed n0ni's ghost (weakling MiBe)
  2612 | D:3      | Found a basalt altar of Yredelemnul.
  2650 | D:3      | Slain by n0ni's ghost

Illustrated notes

Levels and vault maps discovered:
D:1:      onia_arrival_pyramid, layout_basic, serial_shops,
          nicolae_shop_mannequins, shop, nicolae_shop_stone, shop_fountains,
          nicolae_shop_tiny_waterfront
D:2:      layout_basic, serial_co_window_serial, co_window_paths_a,
          co_window_corner_a, co_window_corner_a, co_window_paths_a,
          co_window_of_opportunity_a, co_window_broadway_a, co_window_corner_cb,
          co_window_corner_b, co_window_broadway_c, co_window_corner_ca,
          co_window_sun, glass_columns_c, glass_columns_b, glass_columns_a,
          basic_altar, minmay_split_cup_large, uniq_natasha, uniq_robin
D:3:      layout_loops_cross, nicolae_yredelemnul_ghost_church

Skill      XL: |  1  2  3  4  5 |
---------------+----------------+-----
Stealth        | 1 |  1.8
Armour         | 3 |  3.8
Dodging        | 2 |  2.2
Maces & Flails | 4 |  4.1
Fighting       | |  3.8

Action                     |  1- 3 |  4- 6 || total
---------------------------+-------+-------++-------
  Melee: Mace              |   115 |   132 ||   247
         Punch             |       |     3 ||     3
  Throw: Dart              |       |     2 ||     2
   Stab: Sleeping          |       |     1 ||     1
 Armour: Animal skin       |    41 |    61 ||   102
  Dodge: Dodged            |    71 |   110 ||   181
